 Dungeon Crawl Stone Soup version 0.31-a0-1181-g57eb4e83fd (webtiles) character file.

Game seed: 13089169336635121738

359 qw the Shooter (level 6, -7/40 HPs)
             Began as a Gargoyle Hunter on Dec 11, 2023.
             Was a Follower of Okawaru.
             Mangled by a gnoll
             ... wielding a +0 halberd
             ... led by a gnoll bouda
              (9 damage)
             ... on level 5 of the Dungeon.
             The game lasted 00:00:56 (2910 turns).

qw the Shooter (Gargoyle Hunter)                    Turns: 2910, Time: 00:00:56

Health: -7/40      AC: 11    Str: 15    XL:     6   Next: 65%
Magic:  6/6        EV: 11    Int:  9    God:    Okawaru [*.....]
Gold:   146        SH:  0    Dex: 15    Spells: 5/5 levels left

rFire   . . .        a - +1 shortbow (flame)
rCold   . . .        (shield currently unavailable)
rNeg    + . .        b - +0 ring mail
rPois   inf          (no helmet)
rElec   +            i - +1 cloak
rCorr   .            (no gloves)
SInv    .            (no boots)
Will    .....        (no amulet)
Stlth   +            (no ring)
HPRegen 0.26/turn    (no ring)
MPRegen 0.10/turn

%: no passive effects
@: no status effects
A: sickness immunity, AC +4, negative energy resistance 1, electricity
resistance, torment resistance 1, petrification resistance
a: Renounce Religion, Heroism


You were on level 5 of the Dungeon.
You worshipped Okawaru.
Okawaru was aware of your devotion.
You visited 1 branch of the dungeon, and saw 5 of its levels.

You collected 146 gold pieces.


Innate Abilities, Weirdness & Mutations

You are immune to sickness and miasma.
Your stone body is resilient. (AC +4)
You are immune to poison.
You resist negative energy. (rN+)
You are resistant to electric shocks. (rElec)
You are resistant to unholy torment.
You are immune to petrification.


   Skills:
 - Level 5.0 Fighting
 + Level 6.1 Ranged Weapons
 - Level 1.0 Armour
 - Level 1.5 Dodging
 - Level 1.1 Stealth
 + Level 1.2 Invocations


You had 5 spell levels left.
You didn't know any spells.
Your spell library was empty.

Inventory:

Hand Weapons
 a - a +1 shortbow of flaming (weapon)
Armour
 b - a +0 ring mail (worn)
 i - a +1 cloak (worn)
Wands
 h - a wand of polymorph (10)
Potions
 c - a potion of might
 d - a potion of resistance
 j - a potion of ambrosia {unknown}

Dungeon Overview and Level Annotations

Branches:
Dungeon (5/15)             Temple (0/1) D:4

Altars:
Kikubaaqudgha
Makhleb
Okawaru
Qazlal
Ru
Sif Muna
Trog
Xom

Shops:
D:4 :


Message History

The gnoll hits you from afar with a +0 spear.
The gnoll hits you but does no damage. The hound barely misses you.
You shoot an arrow. The arrow hits the hound.
The arrow burns the hound.
The hound is moderately wounded.
The hound bites you but does no damage. The gnoll hits you with a +0 halberd.
The gnoll hits you but does no damage.
You shoot an arrow. The arrow hits the hound.
The arrow burns the hound.
The hound is severely wounded.
You hear a shout!
The hound closely misses you.
The gnoll bouda gazes fiercely through you!
You feel your attacks grow feeble.
The gnoll hits you from afar with a +0 spear.
The gnoll closely misses you. The hound completely misses you.
You shoot an arrow. The arrow hits the hound.
The arrow burns the hound.
You kill the hound!
Okawaru accepts your kill.
The gnoll hits you from afar with a +0 spear.
The gnoll closely misses you. x2; The gnoll barely misses you. x2
You shoot an arrow. The arrow hits the gnoll bouda!
The arrow burns the gnoll bouda.
The gnoll bouda is severely wounded.
The gnoll hits you but does no damage.
The gnoll bouda barks out a call to the hunt!
The gnolls pick up the pace!
The gnoll closely misses you. The gnoll misses you.
You shoot an arrow. The arrow hits the gnoll bouda.
The arrow burns the gnoll bouda.
You kill the gnoll bouda!
Okawaru accepts your kill.
The gnoll hits you from afar with a +0 halberd!
The gnoll hits you with a +0 halberd. The gnoll hits you but does no damage.
Your Invocations skill increases to level 1!
2910 ||| DRINKING fizzy coppery potion.
It was a potion of cancellation.
Your magical effects are unravelling.
You feel magically purged.
Your attacks no longer feel as feeble.
The gnoll closely misses you. The gnoll hits you but does no damage.
The gnoll hits you with a +0 halberd!
You die...

#.........#
#.#######.#
#.#.....#.#
#.#.###.#.#
####'#.#..<#.#
#......#####.#
#............#
#....o########
#.....g@g.#
#....g###g###.
+....)........
#.....##g?g...
#.....# .o....
#.....# g....
####### g...
.. .


You could see 4 gnolls and an orc.

Vanquished Creatures
  Sigmund (D:4)
  A scorpion (D:4)
  A hound (D:5)
  A gnoll bouda (D:5)
  3 adders
  2 dart slugs (D:1)
  6 orcs
  7 bats
  4 endoplasms
  2 giant cockroaches
  5 goblins
  5 hobgoblins
  5 jackals
  3 kobolds
  2 quokkas
  4 ball pythons
  2 frilled lizards
  5 rats
59 creatures vanquished.

Notes
Turn   | Place    | Note
-------+----------+-------------------------------------------
     0 | D:1      | qw the Gargoyle Hunter began the quest for the Orb.
     0 | D:1      | Reached XP level 1. HP: 12/12 MP: 1/1
     0 | D:1      | 0 ||| qw: Version: 0.3-a-106-g2cfff9e
     0 | D:1      | 0 ||| qw: Game counter: 2071
     0 | D:1      | 0 ||| qw: Melee chars always use a shield: true
     0 | D:1      | 0 ||| qw: God list: Okawaru
     0 | D:1      | 0 ||| qw: Allow faded altars: false
     0 | D:1      | 0 ||| qw: Do Orc after clearing Dungeon:15 true
     0 | D:1      | 0 ||| qw: Do second Lair branch before Depths: true
     0 | D:1      | 0 ||| qw: Lair rune preference: random
     0 | D:1      | 0 ||| qw: Goals: Normal, Save, Zot:1-4, Win
     0 | D:1      | 0 ||| PLANNING D:1-11
   186 | D:1      | Reached XP level 2. HP: 17/17 MP: 2/2
   428 | D:1      | Reached XP level 3. HP: 18/21 MP: 3/3
   589 | D:1      | Reached skill level 5 in Ranged Weapons
   659 | D:1      | 659 ||| UPGRADING to +0 cloak.
   664 | D:1      | 664 ||| READING scroll labelled RAZXOI BEYKY.
   665 | D:1      | 665 ||| READING scroll labelled MANTAM EVILIUSS.
   665 | D:1      | 665 ||| IDENTIFYING bubbling dark potion
   666 | D:1      | 666 ||| READING scroll labelled NOOTRENWAU.
   666 | D:1      | 666 ||| ENCHANTING +0 cloak.
   667 | D:1      | 667 ||| READING scroll labelled MOAS CAUSUBRU.
   668 | D:1      | 668 ||| READING scroll labelled COTRUI SOMPOR.
   671 | D:1      | 671 ||| READING scroll labelled NOURIK QAALURGH.
   671 | D:1      | 671 ||| ENCHANTING +0 shortbow.
   672 | D:1      | 672 ||| READING scroll labelled ZECEDGH TO NOMEYSCHA.
   672 | D:1      | 672 ||| BRANDING +1 shortbow.
   673 | D:1      | 673 ||| DROPPING scroll of butterflies.
   674 | D:1      | 674 ||| DROPPING potion of attraction.
   885 | D:2      | Found an iron altar of Okawaru.
   886 | D:2      | 886 ||| PLANNING OKAWARU WORSHIP
   886 | D:2      | 886 ||| UPGRADING to +0 ring mail.
   896 | D:2      | 896 ||| DROPPING +0 leather armour.
   905 | D:2      | Became a worshipper of Warmaster Okawaru
   906 | D:2      | 906 ||| PLANNING D:1-11
   970 | D:2      | Reached skill level 1 in Armour
  1468 | D:3      | Found a shimmering blue altar of Sif Muna.
  1473 | D:3      | 1473 ||| STAIRDANCE
  1548 | D:3      | Reached XP level 4. HP: 27/27 MP: 4/4
  1552 | D:3      | Reached skill level 3 in Fighting
  1666 | D:3      | Found a sacrificial altar of Ru.
  1829 | D:3      | 1829 ||| READING scroll labelled ZOAZOT NAMA.
  1896 | D:4      | Found Ositrul's Self-Published Books.
  2035 | D:4      | Found an ancient bone altar of Kikubaaqudgha.
  2035 | D:4      | Found a shimmering altar of Xom.
  2043 | D:4      | Found a stormy altar of Qazlal.
  2046 | D:4      | Found a burning altar of Makhleb.
  2048 | D:4      | Found a bloodstained altar of Trog.
  2128 | D:4      | Noticed a scorpion
  2139 | D:4      | Killed a scorpion
  2140 | D:4      | Reached XP level 5. HP: 28/32 MP: 5/5
  2291 | D:4      | Found a staircase to the Ecumenical Temple.
  2296 | D:4      | Reached skill level 6 in Ranged Weapons
  2632 | D:4      | Noticed Sigmund
  2654 | D:4      | Killed Sigmund
  2654 | D:4      | Reached * piety under Okawaru
  2655 | D:4      | Reached XP level 6. HP: 33/40 MP: 6/6
  2745 | D:4      | 2745 ||| READING 2 scrolls of identify.
  2745 | D:4      | 2745 ||| IDENTIFYING murky sapphire potion
  2746 | D:4      | 2746 ||| READING scroll of identify.
  2746 | D:4      | 2746 ||| IDENTIFYING fizzy grey potion
  2747 | D:4      | 2747 ||| READING scroll labelled URUATH YTAOP.
  2748 | D:4      | 2748 ||| READING scroll labelled NAESEOTE PINE.
  2858 | D:5      | Entered Level 5 of the Dungeon
  2893 | D:5      | 2893 ||| Stepping ~*~*~tactically~*~*~ (retreating).
  2897 | D:5      | 2897 ||| Stepping ~*~*~tactically~*~*~ (retreating).
  2898 | D:5      | 2898 ||| Stepping ~*~*~tactically~*~*~ (retreating).
  2902 | D:5      | 2902 ||| Stepping ~*~*~tactically~*~*~ (retreating).
  2903 | D:5      | 2903 ||| Stepping ~*~*~tactically~*~*~ (retreating).
  2909 | D:5      | HP: 7/40 [gnoll/+0 halberd[a gnoll bouda] (12)]
  2909 | D:5      | HP: 2/40 [gnoll/+0 halberd[a gnoll bouda] (5)]
  2910 | D:5      | Reached skill level 1 in Invocations
  2910 | D:5      | 2910 ||| DRINKING fizzy coppery potion.
  2910 | D:5      | Mangled by a gnoll

Levels and vault maps discovered:
D:1:      evilmike_arrival_hilbert_curve, layout_basic
D:2:      layout_basic, basic_altar
D:3:      layout_rooms, mainiacjoe_overflow_brackets,
          nicolae_ru_great_annihilating_truth, minmay_splitting_lines
D:4:      layout_loops_ring, chequers_temple_overflow_minitemple,
          minmay_temple_entry_nine_rooms, hangedman_decor_diamond_cutter,
          dk_noncrumbling_3, nicolae_custom_books, uniq_sigmund
D:5:      layout_basic, lemuel_tele_altar, kennysheep_mini_moat,
          mainiacjoe_overflow_tiny_flanked, gammafunk_temple_overflow_pools,
          uniq_duvessa

Skill      XL: |  1  2  3  4  5  6 |
---------------+-------------------+-----
Ranged Weapons | 5 6 |  6.1
Armour         | 1 |  1.0
Fighting       | 3 5 |  5.0
Invocations    | 1 |  1.2
Dodging        | |  1.5
Stealth        | |  1.1

Action                     |  1- 3 |  4- 6 || total
---------------------------+-------+-------++-------
   Fire: Shortbow          |    83 |   101 ||   184
    Use: Scroll            |     7 |     5 ||    12
         Potion            |       |     1 ||     1
 Armour: Leather armour    |    12 |       ||    12
         Ring mail         |     3 |    61 ||    64
  Dodge: Dodged            |    14 |    44 ||    58

Table legend:
 A = Non-vault XP
 B = Vault XP
 C = Vault XP percentage of total XP
 D = Non-vault monster count
 E = Vault monster count
 F = Vault count percentage of total count
                 A         B        C        D         E       F
            +---------+---------+-------+---------+---------+-------
      Total |     298 |     216 |  42.0 |      54 |       5 |   8.5
            +---------+---------+-------+---------+---------+-------
        D:1 |      39 |       0 |   0.0 |      21 |       0 |   0.0
        D:2 |      36 |       0 |   0.0 |       8 |       0 |   0.0
        D:3 |      17 |       6 |  26.1 |      10 |       4 |  28.6
        D:4 |     120 |     210 |  63.6 |      12 |       1 |   7.7
        D:5 |      86 |       0 |   0.0 |       3 |       0 |   0.0
            +---------+---------+-------+---------+---------+-------
